Map: Dusty Gorge

Players

Adversity - Winner!

  • Race: Terran Terran
  • Spawn Location: 11:00

CorruptoR - Winner!

  • Race: Zerg Zerg
  • Spawn Location: 9:00

AfterYouGone

  • Race: Zerg Zerg
  • League: Diamond
  • Spawn Location: 5:00

INFANSON

  • Race: Protoss Protoss
  • League: Master
  • Spawn Location: 3:00

VOD

Have the link to the VOD?

Description

Time

  • Played on: Oct. 10, 2018, 7:17 p.m.
  • Length: 9:47
Show
View Real Time Build Order
Export as new Build Order

Adversity Terran - Winner!

Build Orders:  

Get SALT Encoding   

  12  0:03  SCV  
  13  0:15  SCV  
  13  0:20  Supply Depot  
  14  0:27  SCV  
  15  0:32  Refinery  
  15  0:42  SCV  
  16  0:49  Barracks  
  16  0:54  SCV  
  17  1:05  Barracks  
  17  1:19  Barracks  
  17  1:26  SCV  
  18  1:39  Reaper  
  19  1:45  Orbital Command  
  19  1:57  Reaper  
  19  1:59  Refinery  
  20  2:06  Supply Depot  
  20  2:09  Reaper  
  20  2:14  Reaper  
  22  2:18  SCV  
  23  2:30  SCV  
  23  2:33  Supply Depot  
  24  2:39  Reaper  
  24  2:42  SCV  
  26  2:44  Reaper  
  27  2:54  Reaper  
  28  3:02  Engineering Bay  
  28  3:09  SCV  
  28  3:11  Reaper  
  30  3:22  Command Center  
  30  3:25  Reaper  
  31  3:38  Reaper  
  32  3:50  SCV  
  32  3:51  Missile Turret  
  32  4:15  Barracks Reactor, Barracks Tech Lab  
  32  4:16  SCV  
  31  4:19  Factory  
  31  4:21  Barracks Reactor  
  31  4:26  Terran Infantry Weapons Level 1  
  31  4:31  SCV  
  31  4:35  Missile Turret, Marine  
  31  4:36  Stimpack  
  31  4:37  SCV  
  34  4:52  Marine  
  34  4:54  Marine  
  34  4:55  Marine  
  34  4:57  Marine x2  
  39  5:00  SCV, Orbital Command  
  39  5:10  Marine, Starport  
  39  5:12  Marine x2, SCV  
  39  5:13  Factory Reactor  
  43  5:19  Marine x2  
  45  5:24  SCV  
  46  5:28  SCV  
  46  5:32  Marine x3  
  50  5:36  SCV  
  50  5:40  SCV  
  54  6:01  Supply Depot x2  
  54  6:02  Supply Depot  
  54  6:04  Barracks  
  54  6:05  Barracks  
  54  6:09  Armory, Engineering Bay  
  52  6:13  SCV x2  
  54  6:23  Medivac x2, Marauder  
  54  6:24  Terran Infantry Armor Level 1  
  60  6:25  SCV  
  60  6:26  SCV  
  62  6:34  Marine x3  
  62  6:35  Marine  
  62  6:39  Combat Shield  
  66  6:41  SCV  
  66  6:52  Marine x3, Marauder  
  66  6:53  Barracks Tech Lab  
  71  6:54  Barracks Tech Lab  
  71  6:55  SCV x2  
  71  7:00  Refinery, Terran Infantry Weapons Level 2  
  71  7:01  Refinery  
  73  7:02  Supply Depot  
  73  7:04  Supply Depot  
  73  7:05  Supply Depot  
  73  7:17  Marauder x2, Concussive Shells  
  77  7:32  SCV x2  
  77  7:34  Medivac x2  
  83  7:44  Marauder x3  
  89  7:47  Supply Depot  
  89  7:53  Marine x4  
  93  8:07  Marauder x2  
  93  8:11  Marauder  
  93  8:12  Marine x4  
  98  8:16  Medivac x2  
  98  8:17  SCV x2  
  104  8:20  Supply Depot  
  104  8:21  Barracks  
  104  8:22  Barracks  
  104  8:23  Barracks  
  104  8:28  Supply Depot x2  
  104  8:36  Marine x4  
  104  8:37  Marauder  
  110  8:42  Marauder x2  
  110  8:46  SCV x2  
  116  8:54  Medivac x2, Marine x4  
  124  8:58  Marauder  
  124  8:59  Supply Depot  
  124  9:00  Supply Depot x2  
  126  9:03  Marauder  
  126  9:08  Command Center  
  128  9:11  Barracks Reactor  
  128  9:12  Barracks Tech Lab x2  
  122  9:24  Marine  
  122  9:25  Marine x4, Marauder  
  130  9:43  Supply Depot  
  136  9:45  Supply Depot  
Show
View Real Time Build Order
Export as new Build Order

CorruptoR Zerg - Winner!

Build Orders: Pool First, Zergling Baneling 

Get SALT Encoding   

  12  0:01  Drone  
  13  0:13  Overlord  
  13  0:18  Drone  
  14  0:31  Drone x2  
  14  0:35  Drone  
  17  0:40  Extractor  
  16  0:50  Spawning Pool  
  16  0:52  Drone  
  16  0:57  Drone  
  17  1:21  Hatchery  
  17  1:22  Drone  
  17  1:26  Drone  
  17  1:30  Drone  
  19  1:42  Queen  
  21  1:50  Metabolic Boost  
  21  1:56  Overlord  
  21  1:59  Drone  
  22  2:18  Baneling Nest  
  21  2:25  Zergling x4  
  21  2:26  Zergling x2  
  24  2:33  Queen  
  24  2:34  Zergling x2  
  27  2:38  Zergling x2  
  27  2:44  Zergling x2  
  29  2:47  Zergling x2  
  29  2:50  Zergling x4  
  29  2:51  Zergling x2  
  33  2:56  Overlord  
  32  3:24  Zergling x14  
  32  3:25  Zergling x2  
  40  3:47  Zergling x8  
  40  4:09  Zergling x2  
  38  4:10  Zergling x8  
  35  4:22  Zergling x8  
  36  4:28  Baneling  
  36  4:30  Zergling x2  
  32  4:55  Baneling x4  
  32  4:56  Baneling x5  
  32  5:00  Zergling x16  
  32  5:01  Zergling x2  
  41  5:07  Zergling x2  
  41  5:08  Zergling x2  
  41  5:26  Zergling x4  
  43  5:34  Zergling x6  
  43  5:35  Zergling x2  
  29  6:00  Drone x4  
  29  6:01  Drone x2  
  34  6:26  Queen  
  36  6:36  Drone x4  
  18  7:04  Drone x2  
  13  7:11  Spore Crawler  
  13  7:13  Drone x4  
  15  7:26  Drone x2  
  15  7:27  Drone x4  
  21  7:30  Drone  
Show
View Real Time Build Order
Export as new Build Order

AfterYouGone Zerg 

Build Orders: Pool First 

Get SALT Encoding   

  12  0:01  Drone  
  13  0:15  Drone  
  13  0:21  Overlord  
  14  0:39  Drone x2  
  14  0:40  Drone  
  17  0:55  Spawning Pool  
  17  0:56  Extractor  
  15  0:58  Drone  
  15  1:01  Drone  
  17  1:18  Hatchery  
  17  1:21  Drone  
  17  1:24  Drone  
  18  1:43  Queen  
  18  1:44  Zergling x4  
  22  1:55  Overlord  
  22  2:21  Queen  
  24  2:23  Zergling x2  
  24  2:24  Zergling x2  
  26  2:35  Metabolic Boost  
  26  2:49  Drone, Roach Warren  
  26  3:12  Evolution Chamber  
  26  3:17  Overlord x2  
  25  3:29  Roach x5  
  35  3:44  Roach x2  
  39  3:55  Roach  
  39  4:10  Roach  
  39  4:13  Extractor  
  38  4:28  Roach x2  
  38  4:29  Zergling x8  
  46  4:44  Drone x4  
  46  4:45  Roach  
  52  5:03  Overlord x2  
  52  5:20  Queen  
  54  5:22  Roach x2  
  55  5:48  Queen  
  56  5:56  Queen  
  58  6:05  Roach Warren  
  54  6:17  Zergling x10  
  59  6:24  Zergling x2  
  60  6:29  Drone  
  60  6:30  Drone  
  62  6:48  Zergling x6  
  62  6:49  Zergling x4  
  67  6:56  Zergling x2  
  68  7:06  Overlord x2  
  67  7:32  Baneling Nest, Drone x2  
  67  7:33  Drone x3  
  71  7:50  Zerg Missile Weapons Level 1  
  71  8:13  Hatchery  
  70  8:20  Drone x2  
  70  8:21  Drone x2  
  74  8:34  Queen  
  74  8:41  Lair  
  76  8:48  Baneling x2  
  76  8:49  Baneling  
  76  8:50  Baneling  
  76  9:06  Drone x5  
  81  9:12  Baneling x3  
Show
View Real Time Build Order
Export as new Build Order

INFANSON Protoss 

Build Orders: Oracle Opening 

Get SALT Encoding   

  12  0:00  Probe  
  13  0:12  Probe  
  14  0:18  Pylon  
  14  0:24  Probe  
  15  0:32  Probe  
  15  0:40  Gateway, Probe  
  17  0:54  Assimilator, Probe  
  18  1:06  Probe  
  18  1:07  Assimilator  
  19  1:16  Gateway  
  19  1:18  Probe  
  20  1:30  Probe  
  20  1:31  Cybernetics Core  
  21  1:37  Pylon  
  21  1:42  Probe  
  22  1:54  Probe  
  22  1:59  Adept  
  22  2:00  Adept  
  23  2:06  Probe  
  28  2:14  Stargate  
  28  2:20  Pylon  
  28  2:25  Adept  
  29  2:41  Adept  
  31  2:44  Shield Battery  
  31  2:52  Adept  
  31  2:54  Oracle  
  36  3:02  Probe  
  33  3:20  Shield Battery  
  33  3:25  Oracle  
  33  3:26  Pylon  
  36  3:38  Adept  
  38  3:44  Adept  
  34  3:50  Shield Battery  
  23  4:12  Probe  
  24  4:24  Probe  
  24  4:29  Adept  
  27  4:36  Probe  
  21  4:55  Probe  
  22  5:03  Probe  
  22  5:13  Probe  
  24  5:24  Oracle  
  19  5:53  Probe  
  17  6:01  Probe  
  18  6:11  Probe  
  19  6:23  Probe  
  20  6:52  Probe  
  19  7:15  Probe  
  16  7:23  Probe  
  17  7:31  Probe  
  18  7:41  Probe  
  19  7:53  Probe  
  19  8:17  Oracle  
  22  8:56  Oracle  
Tags
 
Add a new tag
Caveats
  • Supply blocks, unpowered buildings, or Contaminate may cause inaccurate times.
  • Supply counts are checked every 10 seconds.